 Dungeon Crawl Stone Soup version 0.20-a0-823-gdec668e (webtiles) character file.

212 Klosterheim the Cudgeler (level 5, 0/46 HPs)
             Began as a Minotaur Fighter on Mar 5, 2017.
             Was a Follower of Okawaru.
             Slain by Robin
             ... wielding a +5 club
              (3 damage)
             ... on level 4 of the Dungeon.
             The game lasted 00:03:39 (2186 turns).

Klosterheim the Cudgeler (Minotaur Fighter)         Turns: 2186, Time: 00:03:40

Health: 0/46       AC:  7    Str: 22    XL:     5   Next: 58%
Magic:  4/4        EV:  7    Int:  5    God:    Okawaru [*.....]
Gold:   149        SH:  9    Dex:  9    Spells: 4/4 levels left

rFire    . . .     SeeInvis .   a - +0 flail
rCold    . . .     Gourm    .   b - +0 scale mail
rNeg     . . .     Faith    .   c - +0 shield
rPois    .         Spirit   .   (helmet restricted)
rElec    .         Reflect  .   (no cloak)
rCorr    .         Harm     .   (no gloves)
MR       .....                  (no boots)
Stlth    ..........             (no amulet)
Regen    0.2/turn               (no ring)
MPRegen  0.1/turn               (no ring)

@: no status effects
A: retaliatory headbutt, horns 2
a: Heroism, Renounce Religion


You were on level 4 of the Dungeon.
You worshipped Okawaru.
Okawaru was aware of your devotion.
You were not hungry.

You visited 1 branch of the dungeon, and saw 3 of its levels.

You collected 149 gold pieces.

Inventory:

Hand Weapons
 a - a +0 flail (weapon)
Armour
 b - a +0 scale mail (worn)
 c - a +0 shield (worn)
Scrolls
 e - a scroll of magic mapping {unknown}
 g - 2 scrolls of recharging {unknown}
 h - 2 scrolls of fear {unknown}
 i - 3 scrolls of identify {unknown}
 n - a scroll of teleportation {unknown}
 r - a scroll of amnesia {unknown}
Potions
 d - a potion of might
 k - a potion of flight {unknown}
 l - 4 potions of agility {unknown}
 p - 4 potions of curing {unknown}
 q - a potion of berserk rage {unknown}
Comestibles
 f - 4 bread rations
 j - 3 meat rations
 m - 2 royal jellies


   Skills:
 - Level 4.0 Fighting
 * Level 6.3 Maces & Flails
 - Level 4.1 Armour
 - Level 4.1 Shields


You had 4 spell levels left.
You didn't know any spells.

Dungeon Overview and Level Annotations

Branches:
Dungeon (2/15)

Altars:
Gozag
Makhleb
Okawaru
Qazlal
Trog
Xom

Annotations:
D:4 Robin


Innate Abilities, Weirdness & Mutations

You reflexively headbutt those who attack you in melee.
You have a pair of horns on your head.


Message History

The goblin hits you. The goblin barely misses you. You furiously retaliate!
You headbutt the goblin!
You kill the goblin!
Okawaru accepts your kill. The goblin hits you but does no damage.
You block Robin's attack. The orc barely misses you.
You block the goblin's attack.
You sock the goblin!
You kill the goblin!
Okawaru accepts your kill. The goblin hits you.
The ogre hits you with a giant club! You block the orc's attack.
Robin throws the goblin at you! The goblin hits you but does no damage.
You closely miss the goblin. You headbutt the goblin.
You kill the goblin!
Okawaru accepts your kill. You block the goblin's attack.
You block the orc's attack. The ogre hits you with a giant club!
* * * LOW HITPOINT WARNING * * *
Robin hits you with an enchanted club.
You die...

#.........###
. #.......###
#......##
#.##...#
##..## #...#
##...# #.og)#
#.g@## #..Og#
#......#
#.......
.........
#.........
#.........
#..........


You could see an ogre, Robin, an orc and 2 goblins.

Vanquished Creatures
  An orc priest (D:4)
  Terence (D:2)
  A worker ant (D:4)
  4 adders (D:2)
  A gnoll (D:1)
  2 howler monkey skeletons (D:4)
  An ooze (D:2)
  2 worms
  A dart slug (D:1)
  A leopard gecko (D:2)
  4 orcs (D:4)
  4 giant cockroaches
  13 goblins
  4 hobgoblins
  3 kobolds
  A quokka (D:2)
  2 ball pythons (D:1)
  2 bats (D:1)
  5 frilled lizards
  3 rats (D:1)
56 creatures vanquished.

Notes
Turn   | Place    | Note
-------+----------+-------------------------------------------
     0 | D:1      | Klosterheim the Minotaur Fighter began the quest for the Orb.
     0 | D:1      | Reached XP level 1. HP: 19/19 MP: 0/0
   258 | D:1      | Reached XP level 2. HP: 26/27 MP: 1/1
   955 | D:1      | Reached XP level 3. HP: 30/33 MP: 2/2
  1110 | D:2      | Reached skill level 3 in Maces & Flails
  1229 | D:2      | Found an iron altar of Okawaru.
  1271 | D:2      | Became a worshipper of Warmaster Okawaru
  1277 | D:2      | Reached skill level 4 in Maces & Flails
  1277 | D:2      | Reached XP level 4. HP: 34/40 MP: 3/3
  1475 | D:2      | Found a burning altar of Makhleb.
  1519 | D:2      | Found a shimmering altar of Xom.
  1519 | D:2      | Found a stormy altar of Qazlal.
  1524 | D:2      | Found a faded altar of an unknown god.
  1526 | D:2      | Found a faded altar of an unknown god.
  1528 | D:2      | Found a bloodstained altar of Trog.
  1606 | D:2      | Noticed Terence
  1611 | D:2      | Killed Terence
  1611 | D:2      | Reached skill level 5 in Maces & Flails
  1615 | D:2      | You fall through a shaft for 2 floors!
  1685 | D:4      | Reached XP level 5. HP: 8/46 MP: 4/4
  2060 | D:4      | Found an opulent altar of Gozag.
  2134 | D:4      | Reached skill level 6 in Maces & Flails
  2172 | D:4      | Noticed Robin
  2176 | D:4      | Noticed an ogre
  2181 | D:4      | Reached * piety under Okawaru
  2186 | D:4      | Slain by Robin

Vault maps used:
D:1:      saegor_arrival_simple_a
D:2:      chequers_temple_overflow_minitemple, lightli_temple_of_fire,
          lemuel_coloured_pillars_altar, okawaru_trees_2, uniq_terence
D:4:      grunt_gozag_breadcrumbs, first_bread, uniq_robin, uniq_eustachio

Skill      XL: |  1  2  3  4  5 |
---------------+----------------+-----
Fighting       | 4 |  4.0
Armour         | 4 |  4.1
Shields        | 4 |  4.1
Maces & Flails | 4 5 6 |  6.3

Action                   |  1- 3 |  4- 6 || total
-------------------------+-------+-------++-------
Melee: Flail             |    62 |    62 ||   124
       Headbutt          |     6 |    10 ||    16
  Eat: Chunk             |     1 |     3 ||     4
Armor: Scale mail        |    21 |    34 ||    55
Dodge: Dodged            |    15 |    27 ||    42
Block: Shield            |    31 |    41 ||    72
